 Seeded DCSS version 0.31-a0-236-g9a0961fb85 (webtiles) character file.

Game seed: 11330284121249248176 (custom seed)

8908 innerfire43 the Carver (level 11, 0/87 HPs)
             Began as a Demonspawn Monk on July 10, 2023.
             Was a High Priest of Fedhas.
             Slain by a manticore (5 damage)
             ... on level 9 of the Dungeon.
             The game lasted 00:09:01 (6539 turns).

innerfire43 the Carver (Demonspawn Monk)            Turns: 6539, Time: 00:09:03

Health: 0/87       AC: 15    Str: 22    XL:     11   Next: 16%
Magic:  11/11      EV: 15    Int: 14    God:    Fedhas [*****.]
Gold:   392        SH:  5    Dex: 21    Spells: 10/10 levels left

rFire   . . .        E - +10 demon blade of Ytionewi {flame, *Corrode Fly rC+ Dex+5}
rCold   + . .        d - orb {light}
rNeg    . . .        A - +5 scale mail
rPois   +            M - +1 hat {Int+3}
rElec   .            o - +0 cloak
rCorr   .            H - +0 pair of gloves
SInv    .            (no boots)
Will    .....        u - amulet of reflection Stlth
                     m - ring of poison resistance
HPRegen 0.34/turn    D - +6 ring of strength
MPRegen 0.12/turn

%: corrode self (3%), reflection
@: corroded, attractive, flying, glowing
A: horns 2, slimy green scales 2, demonic magic 2
a: Renounce Religion, Wall of Briars, Grow Ballistomycete, Overgrow, Grow Oklob


You were on level 9 of the Dungeon.
You worshipped Fedhas.
Fedhas was extremely pleased with you.
You visited 1 branch of the dungeon, and saw 9 of its levels.

You collected 392 gold pieces.

Inventory:

Hand Weapons
 a - a +0 falchion
 w - a +0 long sword
 E - the +10 demon blade of Ytionewi (weapon) {flame, *Corrode Fly rC+ Dex+5}
   (You acquired it on level 5 of the Dungeon)

   Dex:       It affects your dexterity (+5).
   rC:        It protects you from cold.
   Fly:       It grants you flight.
   *Corrode:  It may corrode you when you take damage.
 G - a +3 heavy long sword
Missiles
 z - 4 silver javelins
Armour
 b - a +0 robe
 d - an orb of light (worn)
 o - a +0 cloak (worn)
 v - a +0 plate armour
 A - a +5 scale mail (worn)
 F - a +0 helmet
 H - a +0 pair of gloves (worn)
 M - a +1 hat of intelligence (worn)
Jewellery
 m - a ring of poison resistance (left hand)
 u - an amulet of reflection (around neck)
 y - a +4 ring of protection
 C - a ring of protection from fire
 D - a +6 ring of strength (right hand)
 K - an amulet of magic regeneration
Wands
 I - a wand of polymorph (6)
 N - a wand of digging (5)
Scrolls
 e - a scroll of revelation {unknown}
 h - 8 scrolls of identify {unknown}
 k - 2 scrolls of fear {unknown}
 l - 5 scrolls of teleportation
 p - a scroll of enchant weapon
Potions
 c - a potion of ambrosia
 f - a potion of resistance {unknown}
 g - 2 potions of berserk rage {unknown}
 i - a potion of magic {unknown}
 j - a potion of invisibility {unknown}
 n - 2 potions of enlightenment {unknown}
 q - a potion of heal wounds {unknown}
 r - a potion of haste
 s - 2 potions of curing {unknown}
 x - a potion of mutation {unknown}
 B - a potion of brilliance {unknown}
 J - a potion of lignification {unknown}
 L - a potion of cancellation {unknown}


   Skills:
 + Level 8.3 Fighting
 * Level 10.3 Long Blades
 + Level 7.8 Armour
 + Level 7.5 Dodging


You had 10 spell levels left.
You didn't know any spells.
Your spell library contained the following spells:

 Spells                   Type           Power      Damage    Failure   Level
 Kiss of Death            Conj/Necr      0%         2d5       56%         1
 Necrotise                Necr           0%         1d4       56%         1
 Confusing Touch          Hex            0%         N/A       90%         3
 Frozen Ramparts          Ice            0%         1d1       90%         3
 Hailstorm                Conj/Ice       0%         3d3       90%         3
 Vampiric Draining        Necr           0%         2d6       90%         3
 Vhi's Electric Charge    Tloc/Air       0%         N/A       90%         3
 Dispel Undead            Necr           0%         3d6       100%        4
 Ice Form                 Ice/Tmut       0%         N/A       100%        4
 Summon Ice Beast         Ice/Summ       0%         N/A       100%        4
 Agony                    Necr           0%         N/A       100%        5
 Arcjolt                  Conj/Air       0%         1d10      100%        5
 Simulacrum               Ice/Necr       0%         N/A       100%        6
 Maxwell's Capacitive Co  Air            0%         ∞         100%        8


Dungeon Overview and Level Annotations

Branches:
Dungeon (9/15)             Temple (0/1) D:5
   Lair: D:8-11         Orc: D:9-12

Altars:
Fedhas
Kikubaaqudgha
Qazlal
Trog
Vehumet
Xom

Shops:
D:9 [

Annotations:
D:7 2 runed translucent doors


Innate Abilities, Weirdness & Mutations

You have a pair of horns on your head.
You are mostly covered in slimy green scales. (AC +3)
Spells you cast may paralyse nearby enemies.


Message History

The manticore is attracted toward you.
Unknown command.
Unknown command.
The killer bee attacks as you move away!
The killer bee stings you but does no damage.
The unseen horror barely misses you.
The unseen horror is attracted toward you.
Things that are here:
a +0 scimitar; a +0 plate armour You slice the unseen horror!!
You burn the unseen horror.
You kill the unseen horror!
Fedhas accepts your kill. The killer bee closely misses you.
Unknown command.
You barely miss the killer bee. Your headbutt misses the killer bee.
You block the killer bee's attack.
The killer bee stings you but does no damage.
Unknown command.
You slice the killer bee!! You burn the killer bee.
You kill the killer bee!
Fedhas appreciates your contribution to the ecosystem.
A cyclops and a troll come into view.
The cyclops shouts!
You hear a trumpeting!
The manticore bites you!
* * * LOW HITPOINT WARNING * * *
Your corrosive artefact corrodes you!
The manticore claws you but does no damage.
You block the manticore's attack.
The troll moves out of view.
The cyclops is attracted toward you.
Items here: $ ) [ †††††.
Unknown command.
Things that are here:
a +0 scimitar; a +0 plate armour You slash the manticore!
You burn the manticore.
The manticore is moderately wounded.
The manticore barely misses you. The manticore claws you.
* * * LOW HITPOINT WARNING * * *
The manticore claws you.
You die...
Fedhas appreciates your contribution to the ecosystem.

#. ..# # # #. ...
.#.
#.####.###.###
......#$....#
..#..###H# #.
#.#..##@#.# #..
#.#..#.#.#C#
#..##......#.#..§
...#..#.#.#.# ##$
#.#..#.##.## .#
#...∩#.# #.# #
##...#.# ... #
#...#.# .##
.#.##...#.. #.


You could see a manticore.

Vanquished Creatures
  Gastronok (D:8)
  2 boulder beetles
  Pikel (D:6)
  A cyclops (D:7)
  Maggie (D:8)
  2 unseen horrors
  Psyche (D:8)
  An efreet (D:9)
  Grinder (D:5)
  Sigmund (D:3)
  A vampire (D:7)
  3 wraiths
  2 wyverns
  A yak (D:9)
  A basilisk (D:9)
  A steam dragon (D:7)
  2 acid dragons
  An ice beast (D:6)
  3 black bears
  4 orc warriors
  An ogre (D:6)
  2 lemures (D:6)
  A centaur (D:4)
  4 kobold brigands
  2 bullfrogs
  Blork the orc (D:5)
  15 wights
  A killer bee (D:9)
  2 howler monkeys
  An orc priest (D:7)
  3 hounds
  A jelly (D:6)
  5 iguanas
  4 orc wizards (D:6)
  11 gnolls
  3 adders
  A white imp (D:5)
  An ufetubus (D:7)
  2 worms (D:2)
  3 dart slugs
  20 orcs
  4 ball pythons
  4 bats
  6 endoplasms
  2 giant cockroaches
  5 goblins
  3 hobgoblins
  7 quokkas
  15 kobolds
  A rat (D:1)
162 creatures vanquished.

Vanquished Creatures (others)
  An orc (D:6)
1 creature vanquished.

Grand Total: 163 creatures vanquished

Notes
Turn   | Place    | Note
-------+----------+-------------------------------------------
     0 | D:1      | innerfire43 the Demonspawn Monk began the quest for the
                  | Orb.
     0 | D:1      | Reached XP level 1. HP: 18/18 MP: 1/1
   338 | D:1      | Gained mutation: You are partially covered in slimy green
                  | scales. (AC +2) [demonic ancestry]
   338 | D:1      | Reached XP level 2. HP: 24/24 MP: 2/2
   480 | D:1      | Found a faded altar of an unknown god.
   688 | D:1      | Prayed at the altar of an unknown god.
   688 | D:1      | Became a worshipper of Fedhas Madash
   688 | D:1      | Reached * piety under Fedhas
   688 | D:1      | Reached ** piety under Fedhas
   786 | D:2      | Reached *** piety under Fedhas
   787 | D:2      | Reached skill level 3 in Long Blades
   925 | D:2      | Found an ancient bone altar of Kikubaaqudgha.
   976 | D:2      | Reached XP level 3. HP: 29/29 MP: 3/3
  1377 | D:3      | Noticed Sigmund
  1387 | D:3      | Killed Sigmund
  1388 | D:3      | Reached skill level 4 in Long Blades
  1388 | D:3      | Gained mutation: You are mostly covered in slimy green
                  | scales. (AC +3) [demonic ancestry]
  1388 | D:3      | Reached XP level 4. HP: 26/37 MP: 4/4
  1388 | D:3      | Reached XP level 5. HP: 30/42 MP: 5/5
  1792 | D:4      | Noticed an orc warrior
  2101 | D:4      | Killed an orc warrior
  2102 | D:4      | Gained mutation: You have a pair of small horns on your
                  | head. [demonic ancestry]
  2102 | D:4      | Reached XP level 6. HP: 43/48 MP: 6/6
  2420 | D:4      | Reached XP level 7. HP: 54/55 MP: 7/7
  2605 | D:4      | Reached **** piety under Fedhas
  2951 | D:5      | Entered Level 5 of the Dungeon
  2957 | D:5      | Noticed Grinder
  2960 | D:5      | Paralysed by Grinder for 4 turns
  2973 | D:5      | Paralysed by Grinder for 4 turns
  2985 | D:5      | Killed Grinder
  2986 | D:5      | Reached skill level 5 in Long Blades
  3217 | D:5      | Found a staircase to the Ecumenical Temple.
  3580 | D:5      | Noticed Blork the orc
  3588 | D:5      | Killed Blork the orc
  3589 | D:5      | Reached skill level 5 in Fighting
  3641 | D:5      | Gained mutation: Spells you cast may paralyse adjacent
                  | enemies. [demonic ancestry]
  3641 | D:5      | Reached XP level 8. HP: 52/62 MP: 8/8
  3801 | D:5      | Identified a scroll of acquirement
  3801 | D:5      | Acquired the +10 demon blade of Ytionewi {flame, *Corrode
                  | Fly rC+ Dex+5}
  3904 | D:6      | Reached skill level 6 in Long Blades
  3918 | D:6      | Reached skill level 5 in Armour
  4316 | D:6      | Reached skill level 5 in Dodging
  4396 | D:6      | Noticed Pikel
  4418 | D:6      | Killed Pikel
  4419 | D:6      | Reached skill level 7 in Long Blades
  4419 | D:6      | Reached XP level 9. HP: 26/69 MP: 9/9
  4895 | D:7      | Found a radiant altar of Vehumet.
  5190 | D:7      | Reached ***** piety under Fedhas
  5223 | D:7      | Found a large runed translucent door.
  5223 | D:7      | Found a large runed translucent door.
  5226 | D:7      | Noticed a boulder beetle
  5226 | D:7      | Noticed an unseen horror
  5235 | D:7      | Found a large runed translucent door.
  5235 | D:7      | Found a large runed translucent door.
  5247 | D:7      | Killed an unseen horror
  5250 | D:7      | Killed a boulder beetle
  5251 | D:7      | Reached skill level 8 in Long Blades
  5594 | D:7      | Found a shimmering altar of Xom.
  5691 | D:7      | Gained mutation: You have a pair of horns on your head.
                  | [demonic ancestry]
  5691 | D:7      | Reached XP level 10. HP: 79/79 MP: 10/10
  5694 | D:7      | Noticed a cyclops
  5699 | D:7      | Killed a cyclops
  5900 | D:8      | Noticed Maggie
  5974 | D:8      | Killed Maggie
  5975 | D:8      | Reached skill level 9 in Long Blades
  6045 | D:8      | Noticed Gastronok
  6048 | D:8      | Noticed Psyche
  6054 | D:8      | Killed Psyche
  6066 | D:8      | Killed Gastronok
  6259 | D:8      | Found a bloodstained altar of Trog.
  6361 | D:8      | Found a stormy altar of Qazlal.
  6482 | D:9      | Found Qomanak's Antique Armour Emporium.
  6509 | D:9      | Reached skill level 10 in Long Blades
  6514 | D:9      | Gained mutation: Spells you cast may paralyse nearby
                  | enemies. [demonic ancestry]
  6514 | D:9      | Reached XP level 11. HP: 23/86 MP: 11/11
  6523 | D:9      | Noticed a boulder beetle
  6529 | D:9      | Killed a boulder beetle
  6539 | D:9      | Slain by a manticore

Illustrated notes

Levels and vault maps discovered:
D:1:      dpeg_arrival_rooms_a, layout_loops_ring,
          dreamdust_ecumenical_altar_angels_and_demons, minmay_fountain_box
D:2:      layout_rooms, basic_altar, dk_vineyard_3
D:3:      layout_rooms, uniq_sigmund
D:4:      layout_cave_pools
D:5:      layout_loops_ring, minmay_temple_entry_grid,
          chequers_serial_rivers_micro_c, uniq_blork_the_orc, uniq_grinder
D:6:      layout_loops_ring, roderic_serpentine_path, minivault_27,
          hangedman_abyss_or_decor_lesser_grid, minmay_misc_feat_rows,
          uniq_pikel
D:7:      layout_rooms, vehumet_crystals, grunt_temple_overflow_diamond,
          nicolae_kite_square_tiling_tiny, minmay_hollow_rounded_squares
D:8:      layout_rooms, mainiacjoe_overflow_alcove_2, kennysheep_little_box,
          chequers_jeans, uniq_psyche, uniq_maggie, uniq_gastronok
D:9:      minmay_the_grid_square_5x5_4x4 [minmay_the_grid_square_5x5_mess,
          minmay_the_grid_square_5x5_eight, minmay_the_grid_square_5x5_bite,
          minmay_the_grid_square_5x5_three_walls,
          minmay_the_grid_square_5x5_tetrominoes,
          minmay_the_grid_square_5x5_prize_gold,
          minmay_the_grid_square_5x5_prize_deathbox,
          minmay_the_grid_square_5x5_lines,
          minmay_the_grid_square_5x5_trominoes,
          minmay_the_grid_square_5x5_prize_rear_guard,
          minmay_the_grid_square_5x5_prize_itemx,
          minmay_the_grid_square_5x5_tri_point,
          minmay_the_grid_square_5x5_empty, minmay_the_grid_square_5x5_comb,
          minmay_the_grid_square_5x5_six_small, minmay_the_grid_square_5x5_z],
          layout_basic, zin_purify, serial_ice, serial_ice_k, serial_ice_n,
          serial_ice_m, serial_ice_f, serial_shops, shop, minmay_crystal_room

Skill      XL: |  1  2  3  4  5  6  7  8  9 10 |
---------------+-------------------------------+-----
Long Blades    | 3 4 5 7 8 10 | 10.3
Dodging        | 3 4 5 6 7 |  7.5
Fighting       | 4 5 7 8 |  8.3
Armour         | 2 3 4 5 6 7 |  7.8

Action                     |  1- 3 |  4- 6 |  7- 9 | 10-12 || total
---------------------------+-------+-------+-------+-------++-------
  Melee: Falchion          |    82 |       |       |       ||    82
         Long sword        |     6 |    61 |    66 |       ||   133
         Headbutt          |       |     6 |    46 |    18 ||    70
         Demon blade       |       |       |   111 |   101 ||   212
         Unarmed           |       |       |    16 |     6 ||    22
    Use: Scroll            |       |       |     6 |       ||     6
         Potion            |       |       |       |     1 ||     1
 Armour: Robe              |    13 |       |       |       ||    13
         Plate armour      |    14 |    56 |    16 |       ||    86
         Scale mail        |       |       |    78 |    21 ||    99
         Skin              |       |       |     3 |       ||     3
  Dodge: Dodged            |    56 |    19 |   134 |    51 ||   260
  Block: Orb               |       |       |     3 |    20 ||    23

Table legend: (Time is in decaauts)
 A = Elapsed time spent in this place.
 B = Non-inter-level travel time spent in this place.
 C = Inter-level travel time spent in this place.
 D = Time resting spent in this place.
 E = Time spent auto-exploring this place.
 F = Levels seen in this place.
 G = Mean time per level.
                   A        B        C        D        E       F      G
               +--------+--------+--------+--------+--------+-----+--------+
         Total |   6547 |   5912 |    635 |      0 |   4815 |   9 |  727.4 |
       Dungeon |   6547 |   5912 |    635 |      0 |   4815 |   9 |  727.4 |
               +--------+--------+--------+--------+--------+-----+--------+

Top non-repeatable levels by time:
     D:6: 1072 daAuts
     D:7: 1063 daAuts
     D:4: 905 daAuts
     D:5: 860 daAuts
     D:3: 790 daAuts
     D:1: 734 daAuts
     D:2: 550 daAuts
     D:8: 509 daAuts
     D:9: 58 daAuts
